[Event "gameknot.com  marekt's mini-tournament (1.b4 thematic) XXIII"]
[Sitexxx]
[Date "2017.05.10"]
[Round "-"]
[White "marekt"]
[Black "carlog"]
[Result "1-0"]
[WhiteElo "2184"]
[BlackElo "1926"]
[TimeControl "259200+86400"]
[Mode "ICS"]
[Termination "normal"]

1. b4 d5 2. Bb2 Qd6 3. a3 e5 4. Nf3 e4 5. Nd4 c6 6. e3 Nf6 7. d3 Be7 8. c4 dxc4 
9. dxe4 Nxe4 10. Bxc4 O-O 11. Qc2 Nf6 12. O-O Ng4 13. Nf3 Bf6 14. Rd1 Qe7 
15. Bd4 Nd7 16. Nbd2 Bxd4 17. exd4 Nb6 18. Re1 Qf6 19. Ne4 Qh6 20. Bd3 Nd5 
21. h3 Ngf6 22. Nxf6+ Nxf6 23. Bc4 Bd7 24. Re5 Rae8 25. Rae1 Rxe5 26. dxe5 Nh5 
27. Rd1 Bc8 28. Rd6 Qf4 29. Rd4 Qh6 30. Rh4 g5 31. Qc1  1-0

[Event "gameknot.com  marekt's mini-tournament (1.b4 thematic) XXIII"]
[Site "http://gameknot.com/chess.pl?bd=25913395"]
[Date "2017.05.14"]
[Round "-"]
[White "carlog"]
[Black "marekt"]
[Result "0-1"]
[WhiteElo "1922"]
[BlackElo "2169"]
[TimeControl "259200+86400"]
[Mode "ICS"]
[Termination "normal"]

1. b4 d5 2. Bb2 Qd6 3. a3 e5 4. e3 Nf6 5. c4 c6 6. d4 Nbd7 7. c5 Qc7 8. dxe5 Nxe5 
9. Nf3 Nxf3+ 10. gxf3 Be7 11. Bg2 O-O 12. O-O b6 13. cxb6 axb6 14. Nc3 h5 
15. Ne2 h4 16. Qd4 h3 17. Bh1 c5 18. Qf4 Bd6  0-1

[Event "gameknot.com  marekt's mini-tournament (1.b4 thematic) XXIII"]
[Site "http://gameknot.com/chess.pl?bd=25927216"]
[Date "2017.07.30"]
[Round "-"]
[White "andytop10"]
[Black "marekt"]
[Result "0-1"]
[WhiteElo "1989"]
[BlackElo "2159"]
[TimeControl "259200+86400"]
[Mode "ICS"]
[Termination "normal"]

1. b4 d5 2. Bb2 Qd6 3. a3 e5 4. Nf3 Nd7 5. e3 Ngf6 6. c4 c6 7. d4 e4 8. Ne5 Qe6 
9. Nxd7 Bxd7 10. c5 Qf5 11. h3 Be7 12. Nc3 h5 13. a4 h4 14. b5 Qg6 15. a5 Rb8 
16. a6 b6 17. bxc6 Bxc6 18. Nb5 Bxb5 19. Bxb5+ Kf8 20. O-O bxc5 21. Qa4 Rh5 
22. dxc5 Rg5 23. Kh1 Rxg2 24. Be5 Qf5 25. Kxg2 Qg5+ 26. Bg3 hxg3 27. f4 exf3 + 
28. Rxf3 Ne4 29. c6 Bd6 30. Raf1 f6 31. Rc1 Qe5 32. Bd3 Ng5 33. Qd4 Nxf3 
34. Kxf3 Qxd4 35. exd4 Rb3 36. Ke2 Bc7 37. Rb1 Ra3 38. Rc1 g5 39. Rf1 Ke7 
40. Rc1 Ra4 41. Rc3 Rxd4 42. Kf1 Rf4+ 43. Kg1 Rf3 44. Rb3 Rf2 45. Bf1 Rc2 
46. Re3+ Kf7 47. Re2 Rxc6 48. Rd2 Ke6 49. Bd3 Rc3 50. Kg2 Bf4 51. Be2 Bxd2 
 0-1

[Event "gameknot.com  marekt's mini-tournament (1.b4 thematic) XXIII"]
[Site "http://gameknot.com/chess.pl?bd=25927217"]
[Date "2017.06.15"]
[Round "-"]
[White "andytop10"]
[Black "carlog"]
[Result "1-0"]
[WhiteElo "1995"]
[BlackElo "1903"]
[TimeControl "259200+86400"]
[Mode "ICS"]
[Termination "normal"]

1. b4 d5 2. Bb2 Qd6 3. a3 e5 4. Nf3 Nd7 5. d3 Ngf6 6. Nbd2 b5 7. c4 bxc4 
8. dxc4 d4 9. Qc2 c5 10. e3 dxe3 11. fxe3 Bb7 12. Bd3 Ng4 13. Ke2 Be7 
14. Be4 Bxe4 15. Qxe4 O-O 16. Qxg4 f5 17. Qg3 Bf6 18. Rhd1 f4 19. Qh3 Qc6 
20. b5 Qb6 21. Qxd7 fxe3 22. Ne4 Rad8 23. Qc6  1-0

[Event "gameknot.com  marekt's mini-tournament (1.b4 thematic) XXIII"]
[Site "http://gameknot.com/chess.pl?bd=25934411"]
[Date "2017.07.08"]
[Round "-"]
[White "andytop10"]
[Black "eric2800"]
[Result "1-0"]
[WhiteElo "1981"]
[BlackElo "1929"]
[TimeControl "259200+86400"]
[Mode "ICS"]
[Termination "normal"]

1. b4 d5 2. Bb2 Qd6 3. a3 e5 4. Nf3 Nd7 5. e3 Ngf6 6. c4 c6 7. d4 e4 8. Ne5 Qc7 
9. Nd2 Nxe5 10. dxe5 Ng4 11. Rc1 Qe7 12. cxd5 cxd5 13. Bb5+ Bd7 14. Qxg4 Bxb5 
15. Rc8+ Rxc8 16. Qxc8+ Qd8 17. Qxb7 a6 18. a4 Bd3 19. Nb3 Be7 20. Qc6+ Kf8 
21. Nc5 Bxc5 22. Qxc5+ Kg8 23. Qd6 Qxd6 24. exd6 f6 25. Bd4 Kf7 26. Kd2 Ke6 
27. Bc5 Rc8 28. Rc1 Bc4 29. Kc3 a5 30. Kd4 axb4 31. Bxb4 f5 32. a5 Rc6 
33. Bc5 g5 34. Rb1 Ba6 35. Rb8 Bf1 36. Re8+ Kd7 37. Re7+ Kc8 38. Rxh7 
 1-0

[Event "gameknot.com  marekt's mini-tournament (1.b4 thematic) XXIII"]
[Site "http://gameknot.com/chess.pl?bd=25934412"]
[Date "2017.05.24"]
[Round "-"]
[White "eric2800"]
[Black "marekt"]
[Result "0-1"]
[WhiteElo "1934"]
[BlackElo "2159"]
[TimeControl "259200+86400"]
[Mode "ICS"]
[Termination "normal"]

1. b4 d5 2. Bb2 Qd6 3. a3 e5 4. Nf3 Nd7 5. e3 Ngf6 6. c4 c6 7. Nc3 Be7 
8. cxd5 Nxd5 9. Qc2 a5 10. b5 O-O 11. Ne4 Qe6 12. bxc6 bxc6 13. Rc1 Rb8 
14. Neg5 Qg6 15. h4 Qxc2 16. Rxc2 h6 17. Ne4 f5 18. Nc3 Nxc3 19. dxc3 e4 
20. Nd2 Ne5 21. Nc4 Nd3+ 22. Bxd3 exd3 23. Rd2 Bf6 24. O-O Ba6 25. Nxa5 Rfc8 
26. Ba1 Bd8  0-1

[Event "gameknot.com  marekt's mini-tournament (1.b4 thematic) XXIII"]
[Site "http://gameknot.com/chess.pl?bd=25934413"]
[Date "2017.06.10"]
[Round "-"]
[White "eric2800"]
[Black "carlog"]
[Result "1/2-1/2"]
[WhiteElo "1934"]
[BlackElo "1910"]
[TimeControl "259200+86400"]
[Mode "ICS"]
[Termination "normal"]

1. b4 d5 2. Bb2 Qd6 3. a3 e5 4. Nf3 Nd7 5. e3 Ngf6 6. c4 c6 7. Nc3 d4 
8. c5 Qc7 9. Na2 dxe3 10. dxe3 Be7 11. Bc4 O-O 12. Qc2 Nd5 13. Rd1 Nd5f6 
14. Nc3 Re8 15. Ng5 Rf8 16. Qb3 Nd5 17. h4 h6 18. Nge4 Nd7f6 19. Nxd5 cxd5 
20. Nxf6+ Bxf6 21. Bxd5 Bg4 22. f3 Bd7 23. h5 Bg5 24. O-O Bb5 25. Rf2 Rad8 
26. Rc2 Qd7 27. f4 exf4 28. exf4 Ba4 29. Qc4 Bxc2 30. Qxc2 Bf6 31. Bxf6 gxf6 
32. Qe4 Qg4 33. Qf3 Qxf3 34. Bxf3 Rxd1+ 35. Bxd1 Rd8 36. Bf3 Rd7 37. Kf2 Kf8 
38. Ke3 Ke7 39. Ke4 Rd2 40. Kf5 Ra2 41. Bxb7 Rxa3 42. c6 Rc3 43. g4 Rc4 
44. g5 fxg5 45. fxg5 hxg5 46. Kxg5 f6+ 47. Kf5 Kd6 48. Kxf6 Rxb4 49. h6 a5 
50. Kg5 Rb2 51. h7 Rh2 52. Kg6 a4 53. c7 Kxc7 54. Bf3 Rxh7 55. Kxh7  1/2-1/2

[Event "gameknot.com  marekt's mini-tournament (1.b4 thematic) XXIII"]
[Site "http://gameknot.com/chess.pl?bd=25958608"]
[Date "2017.06.01"]
[Round "-"]
[White "bolaf"]
[Black "eric2800"]
[Result "1-0"]
[WhiteElo "1969"]
[BlackElo "1929"]
[TimeControl "259200+86400"]
[Mode "ICS"]
[Termination "normal"]

1. b4 d5 2. Bb2 Qd6 3. Nc3 c6 4. a3 e5 5. d4 e4 6. f3 e3 7. Qd3 g6 8. Qxe3+ Be6 
9. Ne4 Qe7 10. Nc5 Bh6 11. Qe5 Nf6 12. Nxb7 Qxb7 13. Qxf6 O-O 14. e4 Bg7 
15. Qf4 a5 16. exd5 cxd5 17. b5 Rc8 18. Bd3 Bd7 19. a4 Na6 20. c3 Nc7 
21. Qd2 Ne6 22. Ne2 h5 23. c4 dxc4 24. Be4 Qc7 25. Bxa8 Rxa8 26. O-O Kh7 
27. f4 Bh6 28. d5 Ng7 29. Ng3 Nf5 30. Ne4 Bg7 31. Bxg7 Nxg7 32. Qd4 Re8 
33. Nf6+  1-0

[Event "gameknot.com  marekt's mini-tournament (1.b4 thematic) XXIII"]
[Site "http://gameknot.com/chess.pl?bd=25958609"]
[Date "2017.06.18"]
[Round "-"]
[White "bolaf"]
[Black "marekt"]
[Result "0-1"]
[WhiteElo "1969"]
[BlackElo "2151"]
[TimeControl "259200+86400"]
[Mode "ICS"]
[Termination "normal"]

1. b4 d5 2. Bb2 Qd6 3. a3 e5 4. e3 Nf6 5. Nc3 a6 6. d4 e4 7. Nge2 Be7 
8. Ng3 h5 9. Be2 h4 10. Nh5 Nxh5 11. Bxh5 Nd7 12. Be2 h3 13. g3 Nb6 14. f3 exf3 
15. Bxf3 f5 16. O-O Qe6 17. Ne2 g5 18. Qd3 Bd7 19. a4 Bxb4 20. Bc3 Bd6 
21. Bd2 Nc4 22. Nc3 Bc6 23. Be2 Nxd2 24. Qxd2 O-O-O 25. Rf2 Rdf8 26. Raf1 Kb8 
27. Kh1 f4 28. exf4 gxf4 29. gxf4 Rh4 30. f5 Qf6 31. Rd1 Bc5 32. dxc5 d4+ 
33. Kg1 dxc3 34. Qd3 Rg8+ 35. Kf1 Qe5 36. Bf3 Bxf3 37. Qxf3 Rhg4 38. Qxg4 Rxg4 
39. Rd3 Qg7 40. Ke2 Rxa4 41. Rxh3 Qg4+  0-1

[Event "gameknot.com  marekt's mini-tournament (1.b4 thematic) XXIII"]
[Site "http://gameknot.com/chess.pl?bd=25958610"]
[Date "2017.06.08"]
[Round "-"]
[White "bolaf"]
[Black "carlog"]
[Result "1-0"]
[WhiteElo "1969"]
[BlackElo "1912"]
[TimeControl "259200+86400"]
[Mode "ICS"]
[Termination "normal"]

1. b4 d5 2. Bb2 Qd6 3. a3 e5 4. e3 Nf6 5. Nc3 Be7 6. Nb5 Qb6 7. Bxe5 Na6 
8. Nc3 c6 9. Nf3 O-O 10. Na4 Qd8 11. Bxa6 bxa6 12. Nd4 Bd7 13. Nb3 Re8 
14. O-O Ng4 15. Bf4 Bf6 16. d4 g5 17. Bg3 Nh6 18. Nac5 Bg4 19. Qd3 Bc8 
20. Na5 Qb6 21. c4 Nf5 22. Na4 Qd8 23. Nxc6 Qd7 24. b5 axb5 25. cxb5 Nh4 
26. Nc5 Qf5 27. Qb3 Be6 28. Nxa7 Rxa7 29. b6 Rae7 30. b7 Ng6 31. b8=Q Rxb8 
32. Qxb8+ Kg7 33. Bd6  1-0

[Event "gameknot.com  marekt's mini-tournament (1.b4 thematic) XXIII"]
[Site "http://gameknot.com/chess.pl?bd=25958864"]
[Date "2017.08.15"]
[Round "-"]
[White "bolaf"]
[Black "andytop10"]
[Result "1/2-1/2"]
[WhiteElo "1969"]
[BlackElo "1985"]
[TimeControl "259200+86400"]
[Mode "ICS"]
[Termination "normal"]

1. b4 d5 2. Bb2 Qd6 3. a3 e5 4. e3 Be6 5. Nf3 Nd7 6. Nc3 c6 7. Be2 Be7 
8. O-O f5 9. Na4 g5 10. Nxe5 Nxe5 11. Bh5+ Bf7 12. f4 Bxh5 13. Qxh5+ Qg6 
14. Qxg6+ Nxg6 15. fxg5 a5 16. b5 h6 17. Bxh8 Nxh8 18. c4 Rd8 19. bxc6 bxc6 
20. Rxf5 hxg5 21. cxd5 Rxd5 22. Rxd5 cxd5 23. Nb6 Nf6 24. Rf1 Bd8 25. Rf5 Ke7 
26. Nc8+ Kd7 27. Na7 Nf7 28. Nb5 g4 29. Kf1 Nd6 30. Nxd6 Kxd6 31. Rg5 a4 
32. Rf5 Ne4 33. Ke2 Ba5 34. d3 Nc3+ 35. Ke1 Nb1+ 36. Kf1 Kc5 37. Rf4 Kb5 
38. Ke2 Nxa3 39. Kd1 Bc7 40. Rxg4 Bxh2 41. Kc1 Be5 42. Rg5 Bc3 43. Rxd5+ Kb4 
44. Rd8 Kb3 45. Rb8+ Bb4 46. g4 Nc2 47. g5 a3 48. Ra8 Nxe3 49. g6 Bc3 
50. Rb8+ Ka2 51. Rb7 Nf5 52. Rf7 Ng7 53. Kc2  1/2-1/2

[Event "gameknot.com  marekt's mini-tournament (1.b4 thematic) XXIII"]
[Site "http://gameknot.com/chess.pl?bd=25961222"]
[Date "2017.06.02"]
[Round "-"]
[White "marekt"]
[Black "eric2800"]
[Result "1-0"]
[WhiteElo "2155"]
[BlackElo "1927"]
[TimeControl "259200+86400"]
[Mode "ICS"]
[Termination "normal"]

1. b4 d5 2. Bb2 Qd6 3. a3 e5 4. Nf3 Nd7 5. e3 Ngf6 6. d3 g6 7. Be2 Bg7 
8. O-O O-O 9. h3 Ne8 10. Nbd2 f5 11. c4 c6 12. Qb3 Kh8 13. cxd5 cxd5 14. Qc3 b6 
15. d4 e4 16. Ne5 Bb7 17. f4 exf3  18. Ndxf3 Rc8 19. Qb3 Nef6 20. Rac1 Qe7 
21. Ng5 Ne4 22. Rxc8 Rxc8 23. Nxe4 dxe4 24. Nf7+ Kg8 25. Nd6+  1-0

[Event "gameknot.com  marekt's mini-tournament (1.b4 thematic) XXIII"]
[Site "http://gameknot.com/chess.pl?bd=25988169"]
[Date "2017.06.17"]
[Round "-"]
[White "eric2800"]
[Black "bolaf"]
[Result "0-1"]
[WhiteElo "1908"]
[BlackElo "1986"]
[TimeControl "259200+86400"]
[Mode "ICS"]
[Termination "normal"]

1. b4 d5 2. Bb2 Qd6 3. a3 e5 4. e3 c5 5. bxc5 Qxc5 6. Nf3 e4 7. Nd4 Nc6 
8. Be2 Nf6 9. O-O Be7 10. f3 O-O 11. a4 Qb6 12. Qc1 exf3 13. Bxf3 Bd7 
14. Na3 Rfe8 15. Nab5 a6 16. a5 Nxa5 17. Nc3 Nc4 18. Rb1 Qd6 19. Ba1 b5 
20. d3 Ne5 21. Nce2 Nfg4 22. Bxg4 Nxg4 23. Ng3 Bg5 24. Qb2 Bxe3+ 25. Kh1 Qh6 
26. Nf3 Bf4 27. Nh5 Be5 28. Nxe5 Rxe5  0-1

[Event "gameknot.com  marekt's mini-tournament (1.b4 thematic) XXIII"]
[Site "http://gameknot.com/chess.pl?bd=25995536"]
[Date "2017.06.27"]
[Round "-"]
[White "eric2800"]
[Black "kingsrook3"]
[Result "1-0"]
[WhiteElo "1912"]
[BlackElo "1987"]
[TimeControl "259200+86400"]
[Mode "ICS"]
[Termination "normal"]

1. b4 d5 2. Bb2 Qd6 3. a3 a5 4. b5 e5 5. e3 Nf6 6. Nf3 e4 7. Nd4 c5 8. bxc6 Nxc6 
9. Be2 Be7 10. O-O O-O 11. c4 Nxd4 12. Bxd4 Bd7 13. Nc3 Rac8 14. cxd5 Bf5 
15. Qb3 Rfd8 16. Qxb7 Rb8 17. Qa7 Ra8 18. Qb7 Nxd5 19. Nxd5  1-0

[Event "gameknot.com  marekt's mini-tournament (1.b4 thematic) XXIII"]
[Site "http://gameknot.com/chess.pl?bd=25995537"]
[Date "2017.06.24"]
[Round "-"]
[White "kingsrook3"]
[Black "marekt"]
[Result "0-1"]
[WhiteElo "1987"]
[BlackElo "2149"]
[TimeControl "259200+86400"]
[Mode "ICS"]
[Termination "normal"]

1. b4 d5 2. Bb2 Qd6 3. a3 e5 4. Nf3 Nd7 5. e3 Ngf6 6. Bb5 c6 7. Ba4 Be7 
8. O-O O-O 9. Re1 e4 10. Nd4 Ne5 11. Nc3 Nc4 12. Rb1 a5 13. d3 Ng4 14. g3 Qh6 
15. h4 Bxh4  0-1

[Event "gameknot.com  marekt's mini-tournament (1.b4 thematic) XXIII"]
[Site "http://gameknot.com/chess.pl?bd=25995538"]
[Date "2017.06.19"]
[Round "-"]
[White "kingsrook3"]
[Black "carlog"]
[Result "0-1"]
[WhiteElo "1987"]
[BlackElo "1881"]
[TimeControl "259200+86400"]
[Mode "ICS"]
[Termination "normal"]

1. b4 d5 2. Bb2 Qd6 3. a3 e5 4. Nf3 Nd7 5. d4 e4 6. Nfd2 b5 7. e3 Ngf6 
8. Be2 c6 9. O-O h5 10. f3 exf3 11. Nxf3 Ng4 12. Nbd2 Nxe3 13. Qe1 Be7 
14. Rf2 Nxc2  0-1

[Event "gameknot.com  marekt's mini-tournament (1.b4 thematic) XXIII"]
[Site "http://gameknot.com/chess.pl?bd=26011263"]
[Date "2017.07.19"]
[Round "-"]
[White "ilbepi"]
[Black "marekt"]
[Result "1/2-1/2"]
[WhiteElo "2197"]
[BlackElo "2149"]
[TimeControl "259200+86400"]
[Mode "ICS"]
[Termination "normal"]

1. b4 d5 2. Bb2 Qd6 3. a3 e5 4. Nf3 Nd7 5. e3 Ngf6 6. c4 c6 7. Qc2 Be7 
8. Nc3 a6 9. c5 Qc7 10. Be2 e4 11. Nd4 O-O 12. Na4 Re8 13. O-O Rb8 14. Rac1 Ne5 
15. f4 exf3  16. Nxf3 Nfg4 17. Nxe5 Nxe5 18. Nb6 Bg5 19. Nxc8 Rbxc8 20. Bd4 g6 
21. a4 Qe7 22. Ra1 Nd7 23. Bd3 Bf6 24. Rf4 Bxd4 25. Rxd4 f5 26. Rc1 Nf6 
27. Rf4 Qe5 28. Rcf1 Re7 29. g3 Rf7 30. Kg2 Rcf8 31. Qd1 Kg7 32. h3 Rd7 
33. Qa1 Qxa1 34. Rxa1 Ne4 35. Rd1 a5 36. Bxe4 dxe4 37. bxa5 Rfd8 38. Rb1 Kf6 
39. a6 bxa6 40. Rb6 Rxd2+ 41. Rf2 Rxf2+ 42. Kxf2 Rc8 43. Rb7 Re8 44. Rxh7 Re5 
45. Ra7 Rxc5 46. Rxa6 Rc2+ 47. Kf1 Kg5 48. a5 Ra2  1/2-1/2

[Event "gameknot.com  marekt's mini-tournament (1.b4 thematic) XXIII"]
[Site "http://gameknot.com/chess.pl?bd=26013317"]
[Date "2017.06.24"]
[Round "-"]
[White "qphys8"]
[Black "ilbepi"]
[Result "1/2-1/2"]
[WhiteElo "1919"]
[BlackElo "2197"]
[TimeControl "259200+86400"]
[Mode "ICS"]
[Termination "normal"]

1. b4 d5 2. Bb2 Qd6 3. b5 Qb4 4. Qc1 Qxb5 5. e3 Qc5 6. d4 Qb6 7. Nf3 Nf6 
8. c4 e6 9. c5 Qc6 10. Ne5 Qa4 11. Be2 Nbd7 12. Nc3 Qa5 13. f4 Be7 14. O-O O-O 
15. Bd3 c6 16. a4 Nxe5 17. fxe5 Ng4 18. Ne2 Qc7 19. h3 Nh6 20. e4 dxe4 
21. Bxe4 Nf5 22. g4 Nh4 23. Qc2 h6 24. a5 f5 25. exf6 Rxf6 26. Rxf6 Bxf6 
27. Qd3 Bd7 28. Bc3 Rf8 29. a6 bxa6 30. Be1 Bg5 31. Bg3 Qd8 32. Qxa6 Nf3+ 
33. Kh1 Bh4 34. Bd6 Be7 35. Bg3 Bh4  1/2-1/2

[Event "gameknot.com  marekt's mini-tournament (1.b4 thematic) XXIII"]
[Site "http://gameknot.com/chess.pl?bd=26023148"]
[Date "2017.06.26"]
[Round "-"]
[White "qphys8"]
[Black "bolaf"]
[Result "1-0"]
[WhiteElo "1921"]
[BlackElo "2002"]
[TimeControl "259200+86400"]
[Mode "ICS"]
[Termination "normal"]

1. b4 d5 2. Bb2 Qd6 3. b5 Qb4 4. Qc1 Qxb5 5. e3 Qb6 6. Nf3 Nf6 7. c4 Bf5 
8. cxd5 Nxd5 9. Nc3 Nxc3 10. Bxc3 Nc6 11. Nh4 Bc8 12. Rb1 Qc5 13. Nf3 a6 
14. d4 Qd5 15. Bd3 Qxa2 16. e4 e6 17. O-O f6 18. d5 exd5 19. exd5 Qxd5 
20. Re1+ Be7 21. Be4 Qc5 22. Bxc6+ Qxc6 23. Nd4 Qd5 24. Bb4 O-O 25. Bxe7 Re8 
26. Qxc7 Bg4 27. Rxb7 Rac8 28. Qb6 Rc4 29. Rb8 Rcc8 30. Rxc8 Bxc8 31. Bb4 Rxe1+ 
32. Bxe1 h6 33. h3 Bd7 34. Bc3 Bb5 35. Nxb5 axb5 36. Qc7 Qd1+ 37. Kh2 Qc2 
38. Qc5 Kh8 39. g4 Qd3 40. Kg2 Kg8 41. f3 Kf7 42. h4 Qc2+ 43. Kg3 Qd3 
44. Qh5+ Kf8 45. Bb4+ Kg8 46. Qe8+ Kh7 47. Qe4+ Qxe4 48. fxe4  1-0

[Event "gameknot.com  marekt's mini-tournament (1.b4 thematic) XXIII"]
[Site "http://gameknot.com/chess.pl?bd=26023149"]
[Date "2017.06.17"]
[Round "-"]
[White "qphys8"]
[Black "carlog"]
[Result "1-0"]
[WhiteElo "1921"]
[BlackElo "1864"]
[TimeControl "259200+86400"]
[Mode "ICS"]
[Termination "normal"]

1. b4 d5 2. Bb2 Qd6 3. b5 c5 4. c4 d4 5. d3 e5 6. Nd2 f5 7. Ngf3 Nf6 8. e4 fxe4 
9. Ng5 exd3 10. Bxd3 Be7 11. O-O O-O 12. Qe2 Bg4 13. f3 Bh5 14. Nge4 Qc7 
15. Ng5 Bf7 16. Bf5 Kh8 17. Qd3 g6 18. Be6 Bxe6 19. Nxe6 Qd6 20. Nxf8 Bxf8 
21. Ne4 Nxe4 22. Qxe4 Qc7 23. f4 Nd7 24. Rae1 Bg7 25. Bc1 Rd8 26. fxe5 Nxe5 
27. Bf4 Re8 28. Qd5  1-0

[Event "gameknot.com  marekt's mini-tournament (1.b4 thematic) XXIII"]
[Site "http://gameknot.com/chess.pl?bd=26028094"]
[Date "2017.06.20"]
[Round "-"]
[White "qphys8"]
[Black "eric2800"]
[Result "1-0"]
[WhiteElo "1921"]
[BlackElo "1897"]
[TimeControl "259200+86400"]
[Mode "ICS"]
[Termination "normal"]

1. b4 d5 2. Bb2 Qd6 3. b5 e5 4. Ba3 Qf6 5. Bxf8 Kxf8 6. e4 d4 7. c3 Ne7 
8. cxd4 exd4 9. Na3 Nd7 10. Nf3 Nc5 11. d3 Ng6 12. Rc1 b6 13. Nc2 Bg4 
14. Ncxd4 Rd8 15. Nc6 Bxf3 16. gxf3 Rd6 17. d4 Nh4 18. Rc3 Rxc6 19. bxc6 Ne6 
20. Rd3 Ng5 21. Be2 Ng2+ 22. Kf1 Nf4 23. Ra3 a5 24. Rg1 g6 25. d5 Kg7 
26. Qd2 Re8 27. Qc3 Re5 28. h4 Ngh3 29. Rg3 Kg8 30. Rb3 Qe7 31. Ba6 h5 
32. Rxb6  1-0

[Event "gameknot.com  marekt's mini-tournament (1.b4 thematic) XXIII"]
[Site "http://gameknot.com/chess.pl?bd=26028095"]
[Date "2017.06.26"]
[Round "-"]
[White "ilbepi"]
[Black "carlog"]
[Result "1-0"]
[WhiteElo "2197"]
[BlackElo "1884"]
[TimeControl "259200+86400"]
[Mode "ICS"]
[Termination "normal"]

1. b4 d5 2. Bb2 Qd6 3. a3 e5 4. Nf3 Nd7 5. e3 e4 6. Nd4 c6 7. Be2 Ne5 
8. O-O Nf6 9. f4 exf3  10. Nxf3 Nxf3+ 11. Rxf3 Be7 12. Bd4 O-O 13. Nc3 Bg4 
14. Bxf6 Bxf6 15. Rxf6 Qxf6 16. Bxg4 Rfe8 17. Qf3 Qe5 18. Rf1 f6 19. Ne2 b6 
20. Bd7 Red8 21. Bxc6 Rac8 22. Nd4 Rd6 23. Bb7 Rc7 24. Qg4 h5 25. Qh3 g6 
26. Nb5  1-0

[Event "gameknot.com  marekt's mini-tournament (1.b4 thematic) XXIII"]
[Site "http://gameknot.com/chess.pl?bd=26046259"]
[Date "2017.08.02"]
[Round "-"]
[White "carlog"]
[Black "andytop10"]
[Result "0-1"]
[WhiteElo "1835"]
[BlackElo "1992"]
[TimeControl "259200+86400"]
[Mode "ICS"]
[Termination "normal"]

1. b4 d5 2. Bb2 Qd6 3. a3 a5 4. b5 Nd7 5. d4 e5 6. dxe5 Nxe5 7. e3 Be7 
8. Nf3 Nxf3+ 9. Qxf3 Nf6 10. h3 O-O 11. Nd2 Be6 12. c4 dxc4 13. Nxc4 Qc5 
14. Ne5 Qc2 15. Qe2 Qb3 16. g3 Ne4 17. Bg2 Bb4+ 18. axb4 Qxb4+ 19. Kf1 Nd2+ 
20. Qxd2 Qxd2 21. Bd4 Rab8 22. Be4 Rfe8 23. Kg2 f6 24. Nf3 Qe2 25. Rxa5 Bxh3+ 
26. Rxh3 Rxe4 27. b6 Rc8 28. Rh1 cxb6 29. Bxb6 Re6 30. Bd4 Ra6 31. Re1 Qxe1 
32. Rxa6 Qb1 33. Nd2 Qc2  0-1

[Event "gameknot.com  marekt's mini-tournament (1.b4 thematic) XXIII"]
[Site "http://gameknot.com/chess.pl?bd=26051066"]
[Date "2017.07.20"]
[Round "-"]
[White "gluv51"]
[Black "bolaf"]
[Result "1/2-1/2"]
[WhiteElo "2042"]
[BlackElo "2022"]
[TimeControl "259200+86400"]
[Mode "ICS"]
[Termination "normal"]

1. b4 d5 2. Bb2 Qd6 3. a3 e5 4. Nf3 e4 5. Nd4 a5 6. Nc3 Nf6 7. e3 axb4 
8. axb4 Rxa1 9. Qxa1 c6 10. Qa7 Be7 11. b5 O-O 12. Be2 Re8 13. Na4 cxb5 
14. Nxb5 Qb4 15. Qd4 Nc6 16. Qxb4 Bxb4 17. Bxf6 gxf6 18. c3 Be7 19. Nc7 Rd8 
20. O-O Bd6 21. Nxd5 Bxh2+ 22. Kxh2 Rxd5 23. Rd1 Be6 24. d4 exd3  25. Rxd3 Ra5 
26. Nb2 Ra2 27. Rd2 Na5 28. Bf3 Nb3 29. Rd8+ Kg7 30. Nd1 Nd2 31. Bxb7 Bg4 
32. Bf3 Nxf3+ 33. gxf3 Bxf3 34. Kg3 Be2 35. e4 f5 36. e5 Ra4 37. f4 Rc4 
38. Ne3 Rxc3 39. Kf2 Bg4 40. Rb8 Ra3 41. Rb7 Ra6 42. Nc4 Kg6 43. Kg3 Be2 
44. Nd6 f6 45. Re7 fxe5 46. fxe5 Ra3+ 47. Kh4 Ra4+ 48. Kh3 Bg4+ 49. Kh4 Bf3+ 
50. Kg3 Bd5  1/2-1/2

[Event "gameknot.com  marekt's mini-tournament (1.b4 thematic) XXIII"]
[Site "http://gameknot.com/chess.pl?bd=26051067"]
[Date "2017.06.28"]
[Round "-"]
[White "gluv51"]
[Black "eric2800"]
[Result "1-0"]
[WhiteElo "2042"]
[BlackElo "1895"]
[TimeControl "259200+86400"]
[Mode "ICS"]
[Termination "normal"]

1. b4 d5 2. Bb2 Qd6 3. a3 e5 4. Nf3 Nd7 5. e3 Ngf6 6. c4 c6 7. cxd5 Nxd5 
8. Qc2 Be7 9. Nc3 Nxc3 10. Bxc3 O-O 11. Bd3 g6 12. h4 Bf6 13. h5 Re8 14. hxg6 fxg6 
15. Bxg6 Re7 16. Bxh7+  1-0

[Event "gameknot.com  marekt's mini-tournament (1.b4 thematic) XXIII"]
[Site "http://gameknot.com/chess.pl?bd=26051105"]
[Date "2017.07.07"]
[Round "-"]
[White "qphys8"]
[Black "gluv51"]
[Result "1/2-1/2"]
[WhiteElo "1930"]
[BlackElo "2042"]
[TimeControl "259200+86400"]
[Mode "ICS"]
[Termination "normal"]

1. b4 d5 2. Bb2 Qd6 3. b5 Nd7 4. e3 e5 5. d4 Be7 6. Nf3 e4 7. Nfd2 Qg6 
8. c4 Ngf6 9. Nc3 O-O 10. g3 Nb6 11. c5 Nbd7 12. Bg2 c6 13. O-O Ng4 14. h3 Ngf6 
15. Rb1 Re8 16. bxc6 bxc6 17. Qa4 Nb8 18. Rfe1 Bd8 19. Bc1 Qh5 20. h4 h6 
21. Qd1 Qf5 22. Nf1 Ba6 23. Nh2 Bd3 24. Rb7 Qc8 25. Rb2 Nbd7 26. Bh3 Qa6 
27. Rb3 Bc7 28. Ra3 Qc4 29. Bf1 Bxf1 30. Nxf1 a5 31. Qe2 Qa6 32. Qxa6 Rxa6 
33. Re2 Raa8 34. Rb2 Reb8 35. Rab3 Rxb3 36. Rxb3 Rb8 37. Rxb8+ Bxb8 38. Nd2 Bc7 
39. Nb3 g5 40. hxg5 hxg5 41. Bd2 Kf8 42. a4 Ke7 43. Na2 Kd8 44. Bxa5 Nb8 
45. Bxc7+ Kxc7 46. Nb4 Kb7 47. Kg2 g4 48. Na5+ Kc7 49. Kf1 Nh7 50. Nb3 Kb7 
51. Nc1 Na6 52. Nc2 Nf8 53. Na2 Ne6 54. Ke2 Nb8 55. Nab4 Ng5 56. Ke1 Nf3+ 
57. Kd1 Ng5 58. Ke2 Ne6 59. Kd2 Ng5 60. Ne1 Na6 61. Nxa6 Kxa6 62. Ng2 Ne6 
63. Nh4 Ng7 64. Kc3 Ka5 65. Kb3 Ka6 66. Ng2 Ne6 67. Kb4 Ng7 68. Ne1 Kb7 
69. Kc3 Ne8 70. Nc2 Ng7 71. Ne1 Ne8 72. Nc2  1/2-1/2

[Event "gameknot.com  marekt's mini-tournament (1.b4 thematic) XXIII"]
[Site "http://gameknot.com/chess.pl?bd=26051106"]
[Date "2017.06.29"]
[Round "-"]
[White "gluv51"]
[Black "carlog"]
[Result "1-0"]
[WhiteElo "2042"]
[BlackElo "1818"]
[TimeControl "259200+86400"]
[Mode "ICS"]
[Termination "normal"]

1. b4 d5 2. Bb2 Qd6 3. a3 e5 4. Nf3 Nd7 5. e3 c6 6. d3 Ngf6 7. Nbd2 Be7 
8. c4 O-O 9. Be2 Re8 10. O-O e4 11. c5 Qc7 12. dxe4 dxe4 13. Ng5 Bf8 14. Qc2 h6 
15. Ngxe4 Nxe4 16. Nxe4 Ne5 17. Rad1 Qe7 18. Nd6 Rd8 19. Bxe5 Qxe5 20. Nxf7 
 1-0